 Dungeon Crawl Stone Soup version 0.28.0-53-g5a82cb258f (webtiles) character file.

Game seed: 2260027724790673023

1695 jjjjhere the Blocker (level 8, -5/73 HPs)
             Began as a Minotaur Fighter on Aug 20, 2022.
             Was a Priest of Fedhas.
             Slain by a vampire (9 damage)
             ... on level 5 of the Dungeon.
             The game lasted 00:08:05 (5958 turns).

jjjjhere the Blocker (Minotaur Fighter)             Turns: 5958, Time: 00:08:06

Health: -5/73      AC:  9    Str: 27    XL:     8   Next: 72%
Magic:  7/7        EV:  9    Int: 11    God:    Fedhas [***...]
Gold:   335        SH:  0    Dex: 12    Spells: 7/7 levels left

rFire   . . .      SeeInvis .   a - +1 war axe
rCold   . . .      Faith    .   c - +0 buckler
rNeg    . . .      Spirit   .   b - +1 scale mail
rPois   .          Reflect  .   (helmet restricted)
rElec   .          Harm     .   (no cloak)
rCorr   .          Rampage  .   g - +0 pair of gloves
Will    .....                   (no boots)
Stlth   ..........              f - amulet of magic regeneration
HPRegen 0.22/turn               p - +6 ring of strength
MPRegen 0.50/turn               t - +6 ring of intelligence

@: confused
A: horns 2, retaliatory headbutt
a: Renounce Religion, Wall of Briars, Grow Ballistomycete


You were on level 5 of the Dungeon.
You worshipped Fedhas.
Fedhas was most pleased with you.
You visited 1 branch of the dungeon, and saw 6 of its levels.

You collected 335 gold pieces.

Inventory:

Hand Weapons
 a - a +1 war axe (weapon)
 m - the +1 morningstar "Bingo" {freeze, rElec Will+ Int+5}
   (You found it on level 4 of the Dungeon)

   It freezes those it strikes, dealing additional cold damage.
   It can also slow down cold-blooded creatures.
   Int:       It affects your intelligence (+5).
   rElec:     It insulates you from electricity.
   Will:      It increases your willpower.
Missiles
 q - 7 boomerangs
 u - a throwing net (quivered)
Armour
 b - a +1 scale mail (worn)
 c - a +0 buckler (worn)
 g - a +0 pair of gloves (worn)
Jewellery
 f - an amulet of magic regeneration (around neck)
 p - a +6 ring of strength (left hand)
 r - a ring of resist corrosion
 t - a +6 ring of intelligence (right hand)
 x - a ring of magical power
Scrolls
 h - 4 scrolls of fog
 i - 3 scrolls of teleportation
 j - a scroll of immolation
 k - a scroll of vulnerability
Potions
 d - a potion of might
 e - 4 potions of curing
 l - 2 potions of cancellation
 n - 2 potions of haste
 o - a potion of attraction {unknown}
 s - 2 potions of berserk rage {unknown}
 w - a potion of lignification {unknown}


   Skills:
 - Level 7.0 Fighting
 * Level 8.7 Axes
 - Level 3.8 Armour
 * Level 9.2 Shields
 + Level 0.0 Invocations


You had 7 spell levels left.
You didn't know any spells.
Your spell library contained the following spells:

 Spells                   Type           Power      Damage    Failure   Level
 Animate Skeleton         Necr           0%         N/A       67%         1
 Apportation              Tloc           0%         N/A       67%         1
 Sting                    Tmut/Pois      0%         1d3       67%         1
 Summon Small Mammal      Summ           0%         N/A       67%         1
 Poisonous Vapours        Pois/Air       0%         N/A       82%         2
 Olgreb's Toxic Radiance  Pois           0%         N/A       100%        4
 Summon Lightning Spire   Summ/Air       0%         N/A       100%        4
 Storm Form               Tmut/Air       0%         N/A       100%        7
 Maxwell's Capacitive Co  Air            0%         ∞         100%        8


Dungeon Overview and Level Annotations

Branches:
Dungeon (6/15)
 Temple: D:4-7

Altars:
Fedhas
Qazlal
Trog
Vehumet

Shops:
D:3 =


Innate Abilities, Weirdness & Mutations

You have a pair of horns on your head.
You reflexively headbutt those who attack you in melee.


Message History

Your briar patch disappears in a puff of smoke!
Something hits you but does no damage. Something bites you.
Something draws strength from your injuries!
You closely miss something. Something hits you.
* * * LOW HITPOINT WARNING * * *
Something bites you but does no damage.
Your briar patch disappears in a puff of smoke!
There is an escape hatch in the ceiling here.
Something hits you but does no damage. Something bites you.
* * * LOW HITPOINT WARNING * * *
Something draws strength from your injuries!
A mysterious force pulls you upwards. The hatch slams shut behind you.
Reactivating autopickup.
Unknown command.
You block something's attack.
Deactivating autopickup; reactivate with Ctrl-A.
Something bites you.
* * * LOW HITPOINT WARNING * * *
Something draws strength from your injuries!
Something hits you!
* * * LOW HITPOINT WARNING * * *
Something bites you.
* * * LOW HITPOINT WARNING * * *
Something draws strength from your injuries!
You feel much better.
You hear some strange, mumbled words.
You are confused.
A vampire appears from thin air!
Reactivating autopickup.
The vampire hits you!
* * * LOW HITPOINT WARNING * * *
The vampire bites you.
* * * LOW HITPOINT WARNING * * *
The vampire draws strength from your injuries!
You see here a +0 leather armour.
You're too confused to move!
The vampire hits you but does no damage.
The vampire bites you!
You die...
Fedhas appreciates your contribution to the ecosystem.

##################
#..........##....#
#.....####.##....#########
#.......................).
#.....#####.#..........###
#.....##.@.............#
#.....++..V.......)....#
#.....##..(..####......#
#.....##.....# #......###
#.....##.###.####........#
#..#####.# #...####......#
#...^8^..# ##.##..##.....#
#..#####.####.#....#.....#
##..^......####_.⌠.##....#


You could see a vampire.

Vanquished Creatures
  A black bear (D:6)
  An ice beast (D:6)
  An ogre (D:5)
  A necrophage (D:5)
  3 scorpions
  2 howler monkeys
  2 bullfrog zombies
  2 jellies
  3 centaur skeletons (D:5)
  An orc priest (D:4)
  5 hounds
  A gnoll shaman (D:6)
  2 orc wizards (D:5)
  3 iguanas
  7 gnolls
  A howler monkey skeleton (D:6)
  8 adders
  2 ufetubi
  5 dart slugs
  10 orcs
  5 endoplasms
  4 giant cockroaches
  8 goblins
  7 hobgoblins
  A jackal (D:4)
  3 kobolds
  3 quokkas
  7 ball pythons
  11 bats
  3 frilled lizards
  3 rats
116 creatures vanquished.

Vanquished Creatures (collateral kills)
  A water moccasin (D:5)
  A necrophage (D:5)
  An ice beast (D:5)
  A hound zombie (D:5)
4 creatures vanquished.

Grand Total: 120 creatures vanquished

Notes
Turn   | Place    | Note
-------+----------+-------------------------------------------
     0 | D:1      | jjjjhere the Minotaur Fighter began the quest for the Orb.
     0 | D:1      | Reached XP level 1. HP: 19/19 MP: 0/0
   202 | D:1      | Reached XP level 2. HP: 27/27 MP: 1/1
   404 | D:1      | Reached skill level 4 in Shields
   465 | D:1      | Found a faded altar of an unknown god.
   513 | D:1      | Prayed at the altar of an unknown god.
   513 | D:1      | Became a worshipper of Fedhas Madash
   513 | D:1      | Reached * piety under Fedhas
   919 | D:1      | Reached XP level 3. HP: 25/33 MP: 2/2
  1334 | D:2      | Reached ** piety under Fedhas
  1867 | D:3      | Reached XP level 4. HP: 40/40 MP: 3/3
  2005 | D:3      | Found Zotelik's Jewellery Boutique.
  2305 | D:4      | Noticed a scorpion
  2306 | D:4      | Killed a scorpion
  2307 | D:4      | Reached skill level 5 in Shields
  2307 | D:4      | Reached XP level 5. HP: 47/47 MP: 4/4
  2560 | D:4      | Reached skill level 5 in Axes
  2560 | D:4      | Reached XP level 6. HP: 47/55 MP: 5/5
  2692 | D:4      | Identified the +1 morningstar "Bingo" {freeze, rElec Will+
                  | Int+5}
  2731 | D:4      | Reached skill level 5 in Fighting
  2825 | D:4      | Reached skill level 6 in Shields
  2831 | D:4      | Reached *** piety under Fedhas
  3343 | D:4      | Identified the +2 hunting sling of Zenief Jieh {freeze,
                  | rPois}
  3769 | D:5      | Entered Level 5 of the Dungeon
  3775 | D:5      | Reached XP level 7. HP: 42/61 MP: 6/6
  3928 | D:5      | Reached skill level 7 in Shields
  4455 | D:5      | Reached XP level 8. HP: 70/70 MP: 7/7
  4464 | D:5      | Reached skill level 8 in Shields
  4545 | D:5      | Found a radiant altar of Vehumet.
  4635 | D:5      | Found a bloodstained altar of Trog.
  4635 | D:5      | Found a stormy altar of Qazlal.
  5583 | D:6      | Reached **** piety under Fedhas
  5644 | D:6      | Reached skill level 9 in Shields
  5948 | D:6      | HP: 22/73 [something (6)]
  5953 | D:5      | HP: 16/73 [something (1)]
  5954 | D:5      | HP: 5/73 [something (4)]
  5958 | D:5      | Slain by a vampire

Illustrated notes

Levels and vault maps discovered:
D:1:      dpeg_arrival_rooms_with_view, layout_loops_ring,
          hellmonk_ecumenical_altar_leap_of_faith, minmay_misc_feat_five,
          kennysheep_pointless_box, chequers_serial_rivers_small_3,
          patterned_corridor
D:2:      layout_rooms, kennysheep_generic_room_11
D:3:      layout_loops_ring, serial_shops, nicolae_shop_waterfront
D:4:      minmay_general_purpose_star, layout_basic, minmay_crystal_room,
          chequers_serial_rivers_micro_a
D:5:      layout_basic, mainiacjoe_overflow_chevrons,
          gammafunk_temple_overflow_pools, st_stairs_2, grunt_ministairs_15,
          ebering_dispersal_statue_hall
D:6:      layout_loops_corners, kennysheep_generic_room_16

Skill      XL: |  1  2  3  4  5  6  7  8 |
---------------+-------------------------+-----
Shields        | 4 5 6 7 9 |  9.2
Fighting       | 4 5 6 7 |  7.0
Axes           | 3 4 5 6 7 8 |  8.7
Armour         | |  3.8

Action                   |  1- 3 |  4- 6 |  7- 9 || total
-------------------------+-------+-------+-------++-------
Melee: War axe           |    85 |    99 |   105 ||   289
       Headbutt          |    10 |    17 |    28 ||    55
Invok: Wall of Briars    |       |     1 |     3 ||     4
  Use: Scroll            |     4 |     2 |     9 ||    15
       Potion            |       |       |     1 ||     1
Armor: Scale mail        |    37 |    53 |    62 ||   152
Dodge: Dodged            |    34 |    50 |    61 ||   145
Block: Buckler           |    21 |    37 |    36 ||    94
